[Event "Pan-American U20-ch 2023"]
[Site "Volta Redonda"]
[Date "2023.11.06"]
[Round "1.1"]
[White "Montes Orozco, Miguel Angel"]
[Black "Flores Quillas, Diego Saul Rodri"]
[Result "0-1"]
[ECO "B51"]
[WhiteElo "2105"]
[BlackElo "2369"]
[Annotator "RC"]
[PlyCount "86"]
[EventDate "2023.10.31"]
[EventType "swiss"]
[EventCountry "BRA"]
[SourceTitle "playchess.com"]
[Source "ChessBase"]
[SourceQuality "1"]
[TimeControl "5400+30"]

1. e4 c5 2. Nf3 d6 3. Bb5+ Nd7 4. a4 Ngf6 5. Nc3 a6 6. Be2 b6 7. d4 cxd4 8. Qxd4 e5 9. Qe3 Bb7 10. O-O Qc7 11. Rd1 Be7 12. Nd2 Nc5 13. b3 Ne6 14. Bb2 Nd4 15. Rac1 O-O 16. Bf1 Rad8 17. Ne2 Ne6 18. c4 Ng4 19. Qg3 Nh6 20. Nc3 Bg5 21. Nd5 Qb8 22. h4 Bf4 23. Qd3 Nc5 24. Qc2 Bxd5 25. exd5 a5 26. g3 Bxd2 27. Rxd2 f5 28. Re1 f4 29. Ba3 Nf5 30. Bxc5 bxc5 31. Bh3 Nd4 32. Rxd4 cxd4 33. Be6+ Kh8 34. g4 Qb4 35. Rb1 f3 36. Kh2 g6 37. Kg3 Rb8 38. Bd7 Rf4 39. Bb5 Rbf8 40. Rd1 Kg7 41. Bd7 Rb8 42. Bb5 Qc5 43. Qd2 Qc8 0-1

[Event "Pan-American U20-ch 2023"]
[Site "Volta Redonda"]
[Date "2023.11.06"]
[Round "1.2"]
[White "Sathish, Pranav"]
[Black "Seccafim, Caic dos Santos"]
[Result "1-0"]
[ECO "B06"]
[WhiteElo "2415"]
[BlackElo "2058"]
[Annotator "RC"]
[PlyCount "132"]
[EventDate "2023.10.31"]
[EventType "swiss"]
[EventCountry "BRA"]
[SourceTitle "playchess.com"]
[Source "ChessBase"]
[SourceQuality "1"]
[TimeControl "5400+30"]

1. Nf3 g6 2. e4 Bg7 3. d4 d6 4. Bc4 Nf6 5. Qe2 c6 6. e5 Nd5 7. h3 Nc7 8. exd6 Qxd6 9. O-O Be6 10. Nbd2 Bxc4 11. Nxc4 Qe6 12. Re1 Qxe2 13. Rxe2 Ne6 14. c3 Nd7 15. Ng5 Nxg5 16. Bxg5 f6 17. Rae1 e5 18. Bf4 O-O 19. dxe5 fxe5 20. Nxe5 Nxe5 21. Bxe5 Bxe5 22. Rxe5 Kg7 23. Rd1 Rf7 24. f3 Rc8 25. Kf2 Rcc7 26. Rd6 Rfd7 27. Ree6 Kf7 28. Rf6+ Kg7 29. h4 Re7 30. Rf4 Re5 31. Rfd4 Rce7 32. Rd7 Re2+ 33. Kg3 Kf6 34. Rf4+ Kg7 35. Rxe7+ Rxe7 36. Re4 Rd7 37. Rd4 Re7 38. Kf4 Re2 39. Rd7+ Kf6 40. Rxb7 Rxg2 41. Rxh7 Rxb2 42. Rxa7 Rc2 43. Ra3 c5 44. Ke4 Rh2 45. Ra6+ Kf7 46. Kd5 Rxh4 47. c4 Rh5+ 48. Kd6 Kf6 49. Ra3 g5 50. Rb3 Rh2 51. a3 Rh3 52. Kxc5 Ke5 53. Kb4 Kd4 54. a4 Rh8 55. a5 Rb8+ 56. Ka4 Ra8 57. Rb5 Kxc4 58. Rxg5 Ra6 59. Rg4+ Kc5 60. Rg1 Rf6 61. Rc1+ Kd4 62. Kb5 Rxf3 63. a6 Rb3+ 64. Ka4 Rb2 65. Ra1 Kc4 66. a7 Kd5 1-0

[Event "Pan-American U20-ch 2023"]
[Site "Volta Redonda"]
[Date "2023.11.06"]
[Round "1.3"]
[White "Casalaspro, Mathias Andre"]
[Black "Vazquez, Facundo"]
[Result "1/2-1/2"]
[ECO "D00"]
[WhiteElo "2060"]
[BlackElo "2407"]
[Annotator "RC"]
[PlyCount "105"]
[EventDate "2023.10.31"]
[EventType "swiss"]
[EventCountry "BRA"]
[SourceTitle "playchess.com"]
[Source "ChessBase"]
[SourceQuality "1"]
[TimeControl "5400+30"]

1. d4 Nf6 2. Nc3 d5 3. Bf4 e6 4. Nb5 Bb4+ 5. c3 Ba5 6. e3 Nbd7 7. Nf3 a6 8. Na3 c6 9. Bd3 Bc7 10. O-O O-O 11. Qc2 c5 12. Bxc7 Qxc7 13. c4 cxd4 14. Nxd4 dxc4 15. Nxc4 b5 16. Nd2 Qxc2 17. Nxc2 Nc5 18. Be2 Rd8 19. Bf3 Ra7 20. Rfd1 Rad7 21. Nd4 e5 22. Nc6 Re8 23. Nb3 Na4 24. Rdc1 Bb7 25. Nba5 e4 26. b3 Bxc6 27. Nxc6 Nb2 28. Be2 Rd2 29. Nd4 Nd5 30. Kf1 Nf4 31. Ke1 Rxe2+ 32. Nxe2 Nfd3+ 33. Kd2 Nxc1 34. Rxc1 Nd3 35. Rc6 Ra8 36. Rd6 Nxf2 37. Ng3 Ng4 38. Nxe4 Nxh2 39. Nc5 a5 40. Nb7 Nf1+ 41. Kd3 Re8 42. Rd8 Rxd8+ 43. Nxd8 Kf8 44. Nc6 Ke8 45. Nxa5 h5 46. Nc6 g5 47. Nd4 g4 48. Nf5 Kd7 49. Ke2 Nh2 50. Kf2 Kc6 51. a4 b4 52. e4 Kc5 53. Ke2 1/2-1/2

[Event "Pan-American U20-ch 2023"]
[Site "Volta Redonda"]
[Date "2023.11.06"]
[Round "1.4"]
[White "Oro, Faustino"]
[Black "Munoz Ramos, Christopher"]
[Result "1-0"]
[ECO "B99"]
[WhiteElo "2356"]
[BlackElo "2111"]
[Annotator "RC"]
[PlyCount "77"]
[EventDate "2023.10.31"]
[EventType "swiss"]
[EventCountry "BRA"]
[SourceTitle "playchess.com"]
[Source "ChessBase"]
[SourceQuality "1"]
[TimeControl "5400+30"]

1. e4 c5 2. Nf3 d6 3. d4 cxd4 4. Nxd4 Nf6 5. Nc3 a6 6. Bg5 e6 7. f4 Be7 8. Qf3 Qc7 9. O-O-O Nbd7 10. g4 b5 11. Bxf6 Nxf6 12. g5 Nd7 13. f5 O-O 14. Rg1 Ne5 15. Qg3 b4 16. Nce2 Bd7 17. Nf4 Nc6 18. fxe6 Nxd4 19. exf7+ Rxf7 20. Rxd4 Qc5 21. Rd5 Qc6 22. g6 hxg6 23. Nxg6 Rc8 24. Bd3 Bf6 25. Rh5 Bxb2+ 26. Kb1 Rff8 27. Ne7+ Kf7 28. Nxc6 Rxc6 29. Kxb2 Rg8 30. Rh7 Be6 31. Rxg7+ Rxg7 32. Qxg7+ Ke8 33. Qf6 Bf7 34. Rg7 Rc7 35. Qxd6 Rd7 36. Qb8+ Ke7 37. Bc4 Rd5 38. Bxd5 Kd7 39. Rxf7# 1-0

[Event "Pan-American U20-ch 2023"]
[Site "Volta Redonda"]
[Date "2023.11.06"]
[Round "1.5"]
[White "Varillas Jimenez, Ivan"]
[Black "Schnaider, Ilan"]
[Result "1-0"]
[ECO "B99"]
[WhiteElo "1985"]
[BlackElo "2292"]
[Annotator "RC"]
[PlyCount "123"]
[EventDate "2023.10.31"]
[EventType "swiss"]
[EventCountry "BRA"]
[SourceTitle "playchess.com"]
[Source "ChessBase"]
[SourceQuality "1"]
[TimeControl "5400+30"]

1. e4 c5 2. Nf3 d6 3. d4 cxd4 4. Nxd4 Nf6 5. Nc3 a6 6. Bg5 e6 7. f4 Be7 8. Qf3 Qc7 9. O-O-O Nbd7 10. g4 h6 11. Bxf6 Bxf6 12. h4 Nb6 13. g5 Bxd4 14. Rxd4 Qc5 15. Qf2 hxg5 16. e5 gxf4 17. Bd3 d5 18. Ne4 dxe4 19. Rd8+ Kxd8 20. Qxc5 Nd7 21. Qg1 exd3 22. Qxg7 Rf8 23. Rd1 Kc7 24. Rxd3 b6 25. Rc3+ Kb8 26. Rd3 Kc7 27. Qg5 Re8 28. Qxf4 Bb7 29. Qc4+ Bc6 30. Rc3 Nxe5 31. Qf4 f6 32. Qxf6 Nd7 33. Qf4+ Kb7 34. Qd6 Nc5 35. Rg3 Rad8 36. Rg7+ Rd7 37. Rxd7+ Nxd7 38. h5 Rh8 39. Qh2 Rh6 40. Qh4 a5 41. Qg5 Rf6 42. b3 Rf7 43. Qg6 Rf1+ 44. Kb2 Rh1 45. h6 Ka6 46. Qxe6 Kb7 47. Qg6 Rh4 48. Qg7 Ka6 49. h7 Rxh7 50. Qxh7 Nc5 51. Qc7 Bb7 52. a3 Ka7 53. b4 axb4 54. axb4 Na6 55. Qd6 b5 56. c3 Nb8 57. Qc5+ Ka6 58. c4 Bc6 59. cxb5+ Bxb5 60. Qc7 Nc6 61. Kc3 Ba4 62. Kc4 1-0

[Event "Pan-American U20-ch 2023"]
[Site "Volta Redonda"]
[Date "2023.11.06"]
[Round "1.6"]
[White "Filgueiras, Nathan Felipe"]
[Black "Nascimento, Luiz Eduardo da Trin"]
[Result "1-0"]
[ECO "B90"]
[WhiteElo "2331"]
[BlackElo "1877"]
[Annotator "RC"]
[PlyCount "51"]
[EventDate "2023.10.31"]
[EventType "swiss"]
[EventCountry "BRA"]
[SourceTitle "playchess.com"]
[Source "ChessBase"]
[SourceQuality "1"]
[TimeControl "5400+30"]

1. e4 c5 2. Nf3 d6 3. d4 cxd4 4. Nxd4 Nf6 5. Nc3 a6 6. h3 e5 7. Nde2 Nc6 8. g4 h6 9. Bg2 b5 10. Be3 Be6 11. Ng3 g6 12. Qd2 Na5 13. b3 Rc8 14. O-O Nb7 15. Nd5 Bxd5 16. exd5 Qc7 17. Rac1 Be7 18. Bxh6 Nc5 19. Be3 Qb7 20. c4 b4 21. f4 e4 22. Bd4 Kd7 23. Rce1 Rhe8 24. g5 Nh5 25. Nxh5 gxh5 26. h4 1-0

[Event "Pan-American U20-ch 2023"]
[Site "Volta Redonda"]
[Date "2023.11.07"]
[Round "2.1"]
[White "Flores Quillas, Diego Saul Rodri"]
[Black "Ibarra, Juan Martin"]
[Result "1/2-1/2"]
[ECO "B67"]
[WhiteElo "2369"]
[BlackElo "2219"]
[Annotator "RC"]
[PlyCount "223"]
[EventDate "2023.10.31"]
[EventType "swiss"]
[EventCountry "BRA"]
[SourceTitle "playchess.com"]
[Source "ChessBase"]
[SourceQuality "1"]
[TimeControl "5400+30"]

1. e4 c5 2. Nf3 d6 3. d4 cxd4 4. Nxd4 Nf6 5. Nc3 Nc6 6. Bg5 e6 7. Qd2 a6 8. O-O-O Bd7 9. f4 b5 10. Nxc6 Bxc6 11. Qe3 Be7 12. Bxf6 gxf6 13. Bd3 Qc7 14. f5 O-O-O 15. Rhe1 Kb8 16. Qh3 b4 17. Nb1 d5 18. Nd2 e5 19. Kb1 Qb7 20. Qh5 Rhg8 21. g3 dxe4 22. Nxe4 Rd4 23. Qxf7 Rgd8 24. Nf2 Bf3 25. Rc1 R8d7 26. Qxh7 a5 27. Qh6 a4 28. Qe3 b3 29. cxb3 Bb4 30. Rc3 Bxc3 31. bxc3 R4d6 32. b4 Qc6 33. Bc2 Rd2 34. Kc1 a3 35. Qxd2 Rxd2 36. Kxd2 Qd5+ 37. Ke3 Qxa2 38. Bb1 Qd5 39. c4 Qxc4 40. Kxf3 Qxb4 41. Rd1 e4+ 42. Nxe4 Qb3+ 43. Ke2 Qb2+ 44. Nd2 Qb5+ 45. Kf2 Qc5+ 46. Kf3 Qc3+ 47. Ke2 Qe5+ 48. Kf3 Qc3+ 49. Ke2 Qe5+ 50. Kf3 Qc3+ 51. Kg2 Qe3 52. Kf1 Ka7 53. Ne4 a2 54. Bxa2 Qxe4 55. Bd5 Qxf5+ 56. Kg1 Qe5 57. Bg2 Kb6 58. Rf1 Kc5 59. Rf3 Qa1+ 60. Bf1 Qd4+ 61. Kg2 Qd2+ 62. Rf2 Qd5+ 63. Kg1 Qd4 64. h4 Kd6 65. Kg2 Qe4+ 66. Kh2 Qd4 67. Rf4 Qd2+ 68. Bg2 Ke7 69. Kh3 Kf7 70. Be4 Qd1 71. Bf3 Qd7+ 72. Bg4 Qd5 73. Rf3 Kg7 74. h5 f5 75. Kh4 Qd8+ 76. Kh3 Qd5 77. Kh4 Qd8+ 78. Kh3 Qd1 79. Kh4 fxg4 80. Rf4 Qd8+ 81. Kxg4 Kh6 82. Rf5 Qd1+ 83. Kf4 Qe2 84. g4 Qf2+ 85. Ke4 Qg2+ 86. Kf4 Qf2+ 87. Ke4 Qh4 88. Kf4 Qe7 89. Kf3 Qa3+ 90. Kf4 Qb4+ 91. Kf3 Qc3+ 92. Kf4 Kg7 93. Rg5+ Kf6 94. Rg6+ Kf7 95. Kg5 Qe3+ 96. Kh4 Qe1+ 97. Kg5 Qf2 98. Kh6 Qf4+ 99. Kh7 Qe4 100. Kh6 Qe5 101. Kh7 Qe4 102. Kh6 Qd4 103. Kh7 Qe5 104. Kh6 Qh8+ 105. Kg5 Qe5+ 106. Kh6 Qh8+ 107. Kg5 Qd8+ 108. Kh6 Qh8+ 109. Kg5 Ke7 110. Kf5 Qh7 111. Kg5 Qf7 112. Kh6 1/2-1/2

[Event "Pan-American U20-ch 2023"]
[Site "Volta Redonda"]
[Date "2023.11.06"]
[Round "2.2"]
[White "Soriano Quispe, Ivan Excender"]
[Black "Sathish, Pranav"]
[Result "1-0"]
[ECO "A88"]
[WhiteElo "2214"]
[BlackElo "2415"]
[Annotator "RC"]
[PlyCount "53"]
[EventDate "2023.10.31"]
[EventType "swiss"]
[EventCountry "BRA"]
[SourceTitle "playchess.com"]
[Source "ChessBase"]
[SourceQuality "1"]
[TimeControl "5400+30"]

1. d4 f5 2. Nf3 Nf6 3. c4 g6 4. g3 Bg7 5. Bg2 O-O 6. O-O d6 7. Nc3 c6 8. Qc2 Na6 9. a3 Qe8 10. b4 e5 11. e3 Be6 12. dxe5 dxe5 13. Nxe5 Nh5 14. f4 Bxe5 15. fxe5 Bxc4 16. Ne2 Bxe2 17. Qxe2 Qxe5 18. Bb2 Qe6 19. Qd2 Nf6 20. Qc3 Nc7 21. e4 Nb5 22. exf5 gxf5 23. Qd2 Ne4 24. Bxe4 fxe4 25. Qg5+ Qg6 26. Qe5 Rxf1+ 27. Rxf1 1-0

[Event "Pan-American U20-ch 2023"]
[Site "Volta Redonda"]
[Date "2023.11.07"]
[Round "2.3"]
[White "De Siqueira, Luigy Lira"]
[Black "Oro, Faustino"]
[Result "1/2-1/2"]
[ECO "C45"]
[WhiteElo "2179"]
[BlackElo "2356"]
[Annotator "RC"]
[PlyCount "87"]
[EventDate "2023.10.31"]
[EventType "swiss"]
[EventCountry "BRA"]
[SourceTitle "playchess.com"]
[Source "ChessBase"]
[SourceQuality "1"]
[TimeControl "5400+30"]

1. e4 e5 2. Nf3 Nc6 3. d4 exd4 4. Nxd4 Bc5 5. Be3 Qf6 6. c3 Nge7 7. Bc4 b6 8. O-O Bb7 9. Nb3 Ne5 10. Nxc5 bxc5 11. Nd2 Nxc4 12. Nxc4 Ba6 13. b3 Bxc4 14. bxc4 Qc6 15. Qg4 Ng6 16. Rad1 d6 17. Rd5 O-O 18. f4 Rfe8 19. Qf3 Nh4 20. Qh3 Rxe4 21. Bc1 Rxc4 22. Rh5 Qxg2+ 23. Qxg2 Nxg2 24. Kxg2 Rxc3 25. Rd5 Re8 26. Rd2 Kf8 27. Kf2 f6 28. Rg1 Kf7 29. Rgd1 Rb8 30. Bb2 Rc4 31. Kg3 Rbb4 32. Rf2 Re4 33. Rd3 Ke6 34. h3 Ra4 35. a3 Re1 36. Kg2 Ree4 37. Kg3 c4 38. Rc3 d5 39. Rfc2 d4 40. Rxc4 Rxc4 41. Rxc4 Re3+ 42. Kf2 Rxh3 43. Bxd4 Rxa3 44. Rxc7 1/2-1/2

[Event "Pan-American U20-ch 2023"]
[Site "Volta Redonda"]
[Date "2023.11.07"]
[Round "2.4"]
[White "Ribeiro, Matheus Mendes Domin"]
[Black "Filgueiras, Nathan Felipe"]
[Result "1/2-1/2"]
[ECO "E18"]
[WhiteElo "2150"]
[BlackElo "2331"]
[Annotator "RC"]
[PlyCount "59"]
[EventDate "2023.10.31"]
[EventType "swiss"]
[EventCountry "BRA"]
[SourceTitle "playchess.com"]
[Source "ChessBase"]
[SourceQuality "1"]
[TimeControl "5400+30"]

1. c4 b6 2. Nf3 Bb7 3. Nc3 Nf6 4. g3 e6 5. Bg2 Be7 6. O-O O-O 7. d4 Ne4 8. Bd2 d5 9. Qc2 Nd7 10. cxd5 exd5 11. Bf4 c5 12. Nxe4 dxe4 13. Nd2 cxd4 14. Nxe4 Rc8 15. Qd3 Nc5 16. Nxc5 Bxg2 17. Kxg2 bxc5 18. b3 Bf6 19. Rac1 Re8 20. Rc2 Qe7 21. Rfc1 h6 22. Qf3 a5 23. h4 Be5 24. Bxe5 Qxe5 25. Qf4 Qd5+ 26. Qf3 Qd6 27. Qf5 g6 28. Qf4 Qd5+ 29. Qf3 Qe5 30. Qf4 1/2-1/2

[Event "Pan-American U20-ch 2023"]
[Site "Volta Redonda"]
[Date "2023.11.07"]
[Round "2.5"]
[White "Tomiello, Lucas Costamilan"]
[Black "Castro Salgado, Pablo"]
[Result "0-1"]
[ECO "C27"]
[WhiteElo "2279"]
[BlackElo "2202"]
[Annotator "ChessBase"]
[PlyCount "108"]
[EventDate "2023.10.31"]
[EventType "swiss"]
[EventCountry "BRA"]
[SourceTitle "playchess.com"]
[Source "ChessBase"]
[SourceQuality "1"]
[TimeControl "5400+30"]

1. e4 e5 2. Bc4 Nf6 3. d3 Bc5 4. Nc3 c6 5. Nf3 d6 6. Be3 Bxe3 7. fxe3 Ng4 8. Qe2 Qb6 9. Ng5 O-O 10. O-O Qxe3+ 11. Qxe3 Nxe3 12. Bxf7+ Kh8 13. Rf3 Nxc2 14. Raf1 Nd4 15. R3f2 Nd7 16. Bc4 Rxf2 17. Rxf2 h6 18. Nf7+ Kh7 19. Nxd6 b5 20. Bf7 a5 21. Ne2 Ba6 22. Nxd4 exd4 23. Be8 Rd8 24. Bxd7 Rxd7 25. e5 c5 26. b3 Re7 27. Rf8 b4 28. Nc4 Bxc4 29. bxc4 a4 30. Ra8 a3 31. Ra5 Rxe5 32. Kf2 Kg6 33. Rb5 Kf5 34. Ra5 h5 35. Ra7 g6 36. Rc7 Kf4 37. Rc6 Kf5 38. h4 g5 39. hxg5 Kxg5 40. Rc8 Kf6 41. Rc6+ Ke7 42. Rc7+ Kd6 43. Rh7 Kc6 44. Rh6+ Kb7 45. Rh7+ Ka6 46. Rh6+ Ka5 47. Rh8 Re3 48. Rxh5 Rxd3 49. Ke2 Rg3 50. Rxc5+ Ka4 51. Rc8 Rxg2+ 52. Kd3 Rxa2 53. Kxd4 Kb3 54. c5 Rd2+ 0-1

[Event "Pan-American U20-ch 2023"]
[Site "Volta Redonda"]
[Date "2023.11.07"]
[Round "2.6"]
[White "Tomiello, Mateus Costamilan"]
[Black "Silva, Kaua Marques"]
[Result "1-0"]
[ECO "A36"]
[WhiteElo "2145"]
[BlackElo "2235"]
[Annotator "RC"]
[PlyCount "89"]
[EventDate "2023.10.31"]
[EventType "swiss"]
[EventCountry "BRA"]
[SourceTitle "playchess.com"]
[Source "ChessBase"]
[SourceQuality "1"]
[TimeControl "5400+30"]

1. c4 c5 2. Nc3 Nc6 3. g3 g6 4. Bg2 Bg7 5. e3 e5 6. Nge2 d6 7. O-O Be6 8. d3 Nge7 9. Nd5 O-O 10. a3 a5 11. Nec3 Rb8 12. Rb1 b6 13. Bd2 Qd7 14. b4 axb4 15. axb4 cxb4 16. Nb5 Rfd8 17. e4 Na7 18. Rxb4 Nec6 19. Rb1 Nxb5 20. Rxb5 Bxd5 21. Rxd5 b5 22. Bg5 Re8 23. Qd2 Nd4 24. c5 Bf8 25. Be3 Ne6 26. Bh3 Qc7 27. cxd6 Bxd6 28. Rc1 Qe7 29. Rc6 Bb4 30. Qb2 Nd8 31. Rb6 Rxb6 32. Bxb6 Nc6 33. Bd7 Rb8 34. Bxc6 Rxb6 35. Rxe5 Qa7 36. Re8+ Bf8 37. Qb4 Qa1+ 38. Kg2 Qg7 39. Qc5 Ra6 40. Bxb5 Re6 41. Ra8 h5 42. Bc4 Rf6 43. h4 Qh6 44. f4 Qg7 45. d4 1-0

[Event "Pan-American U20-ch 2023"]
[Site "Volta Redonda"]
[Date "2023.11.07"]
[Round "3.1"]
[White "Reyes Zavaleta, Fabian Ricardo"]
[Black "Soriano Quispe, Ivan Excender"]
[Result "0-1"]
[ECO "D37"]
[WhiteElo "2122"]
[BlackElo "2214"]
[Annotator "RC"]
[PlyCount "78"]
[EventDate "2023.10.31"]
[EventType "swiss"]
[EventCountry "BRA"]
[SourceTitle "playchess.com"]
[Source "ChessBase"]
[SourceQuality "1"]
[TimeControl "5400+30"]

1. d4 d5 2. c4 e6 3. Nf3 a6 4. cxd5 exd5 5. Nc3 Nf6 6. Bg5 Be6 7. e3 Nbd7 8. Bd3 Bd6 9. O-O O-O 10. Qc2 h6 11. Bh4 c5 12. dxc5 Nxc5 13. Rad1 Rc8 14. Qb1 b5 15. a3 Nxd3 16. Qxd3 Be7 17. Nd4 Qd7 18. f4 Qd6 19. Nf5 Bxf5 20. Qxf5 Qe6 21. Qxe6 fxe6 22. f5 g5 23. fxg6 Kg7 24. Ne2 Bc5 25. Nd4 Bxd4 26. exd4 Ne4 27. Rxf8 Kxf8 28. Be1 Kg7 29. h4 Kxg6 30. Bd2 Rc2 31. Bf4 Rxb2 32. Rc1 h5 33. Rc6 a5 34. Bc7 b4 35. axb4 axb4 36. Rxe6+ Kf7 37. Re5 Rc2 38. Bd8 b3 39. Re7+ Kf8 0-1

[Event "Pan-American U20-ch 2023"]
[Site "Volta Redonda"]
[Date "2023.11.07"]
[Round "3.2"]
[White "Castro Salgado, Pablo"]
[Black "Tomiello, Mateus Costamilan"]
[Result "1-0"]
[ECO "D37"]
[WhiteElo "2202"]
[BlackElo "2145"]
[Annotator "RC"]
[PlyCount "93"]
[EventDate "2023.10.31"]
[EventType "swiss"]
[EventCountry "BRA"]
[SourceTitle "playchess.com"]
[Source "ChessBase"]
[SourceQuality "1"]
[TimeControl "5400+30"]

1. d4 Nf6 2. c4 e6 3. Nf3 d5 4. Nc3 Be7 5. Bf4 O-O 6. e3 Nbd7 7. c5 Ne4 8. Qc2 f5 9. h4 c6 10. Be2 b6 11. cxb6 axb6 12. g4 Ndf6 13. g5 Nd7 14. Nd2 Nxd2 15. Qxd2 b5 16. Qc2 Qa5 17. O-O b4 18. Nb1 c5 19. dxc5 Nxc5 20. Nd2 Bd7 21. Nb3 Qb6 22. Nxc5 Bxc5 23. Rfc1 Rfc8 24. Qd2 Bb5 25. Bxb5 Qxb5 26. Be5 Rc6 27. b3 Rac8 28. Rc2 Bd6 29. Rxc6 Qxc6 30. Bxd6 Qxd6 31. Rc1 Rxc1+ 32. Qxc1 d4 33. exd4 Qxd4 34. h5 Qg4+ 35. Kf1 Qh3+ 36. Kg1 Qxh5 37. Qc8+ Kf7 38. Qd7+ Kf8 39. Qd6+ Kf7 40. Qd7+ Kg6 41. Qxe6+ Kxg5 42. Qe7+ Kg4 43. Qxb4+ f4 44. Qe4 Qa5 45. a4 h5 46. Kg2 g5 47. b4 1-0

[Event "Pan-American U20-ch 2023"]
[Site "Volta Redonda"]
[Date "2023.11.07"]
[Round "3.3"]
[White "Flores Quillas, Diego Saul Rodri"]
[Black "Varillas Jimenez, Ivan"]
[Result "1/2-1/2"]
[ECO "C68"]
[WhiteElo "2369"]
[BlackElo "1985"]
[Annotator "RC"]
[PlyCount "64"]
[EventDate "2023.10.31"]
[EventType "swiss"]
[EventCountry "BRA"]
[SourceTitle "playchess.com"]
[Source "ChessBase"]
[SourceQuality "1"]
[TimeControl "5400+30"]

1. e4 e5 2. Nf3 Nc6 3. Bb5 a6 4. Bxc6 dxc6 5. Nc3 f6 6. d4 exd4 7. Qxd4 Qxd4 8. Nxd4 Bd7 9. Be3 O-O-O 10. h4 Bd6 11. h5 Ne7 12. O-O-O f5 13. f3 h6 14. Nde2 fxe4 15. Nxe4 Be5 16. Bd4 Bxd4 17. Nxd4 b6 18. Rhe1 c5 19. Ne2 Rhf8 20. N2g3 Rde8 21. Rh1 Bc6 22. Rh4 Nd5 23. Rd2 Nf4 24. Rf2 Re5 25. Kd2 Be8 26. Ke3 Nxh5 27. f4 Rd5 28. Nxh5 Rxh5 29. Rxh5 Bxh5 30. f5 Be8 31. g4 Bc6 32. Ng3 Be8 1/2-1/2

[Event "Pan-American U20-ch 2023"]
[Site "Volta Redonda"]
[Date "2023.11.07"]
[Round "3.4"]
[White "Ibarra, Juan Martin"]
[Black "Vazquez, Facundo"]
[Result "1-0"]
[ECO "B62"]
[WhiteElo "2219"]
[BlackElo "2407"]
[Annotator "RC"]
[PlyCount "45"]
[EventDate "2023.10.31"]
[EventType "swiss"]
[EventCountry "BRA"]
[SourceTitle "playchess.com"]
[Source "ChessBase"]
[SourceQuality "1"]
[TimeControl "5400+30"]

1. e4 c5 2. Nf3 d6 3. d4 cxd4 4. Nxd4 Nf6 5. Nc3 Nc6 6. Bg5 e6 7. Qd3 a6 8. Nxc6 bxc6 9. O-O-O Be7 10. Qg3 e5 11. Bc4 Be6 12. Bxe6 fxe6 13. Qh3 Qc8 14. Bxf6 gxf6 15. Qh5+ Kd7 16. Na4 Kc7 17. Qf7 Re8 18. Rd3 Ra7 19. Rhd1 d5 20. Rb3 d4 21. Nc5 Kd6 22. Nxe6 Rd7 23. Rb4 1-0

[Event "Pan-American U20-ch 2023"]
[Site "Volta Redonda"]
[Date "2023.11.07"]
[Round "3.5"]
[White "Oro, Faustino"]
[Black "Ribeiro, Matheus Mendes Domin"]
[Result "1-0"]
[ECO "D00"]
[WhiteElo "2356"]
[BlackElo "2150"]
[Annotator "RC"]
[PlyCount "111"]
[EventDate "2023.10.31"]
[EventType "swiss"]
[EventCountry "BRA"]
[SourceTitle "playchess.com"]
[Source "ChessBase"]
[SourceQuality "1"]
[TimeControl "5400+30"]

1. d4 d5 2. Nc3 Nf6 3. Bf4 c5 4. e3 e6 5. Nb5 Na6 6. c3 Be7 7. Nf3 O-O 8. Be2 Bd7 9. Ne5 Bxb5 10. Bxb5 Qb6 11. Qe2 Nb8 12. O-O Nc6 13. Nxc6 bxc6 14. Bd3 cxd4 15. cxd4 c5 16. dxc5 Bxc5 17. Rfc1 Bd6 18. Bg5 Rfc8 19. Rc2 Rxc2 20. Qxc2 Qc7 21. Qxc7 Bxc7 22. Rc1 Be5 23. b4 h6 24. Bh4 Kf8 25. a4 Ke8 26. Kf1 g5 27. Bg3 Bxg3 28. hxg3 Kd8 29. Ke2 Rc8 30. Rh1 h5 31. Kd2 Rb8 32. b5 Rc8 33. f3 Rc5 34. Rb1 Kc7 35. a5 Nd7 36. f4 g4 37. e4 dxe4 38. Bxe4 Nf6 39. Bd3 Nd5 40. Re1 Nb4 41. Re5 Kd6 42. Rxc5 Kxc5 43. Bh7 Kd6 44. Kc3 Nd5+ 45. Kd4 f6 46. Be4 e5+ 47. fxe5+ fxe5+ 48. Kc4 Nc7 49. Bg6 Nd5 50. Bxh5 Ne3+ 51. Kd3 Nxg2 52. Bxg4 Kc5 53. b6 axb6 54. a6 e4+ 55. Ke2 Kc6 56. Bc8 1-0

[Event "Pan-American U20-ch 2023"]
[Site "Volta Redonda"]
[Date "2023.11.07"]
[Round "3.6"]
[White "Filgueiras, Nathan Felipe"]
[Black "De Siqueira, Luigy Lira"]
[Result "1/2-1/2"]
[ECO "C47"]
[WhiteElo "2331"]
[BlackElo "2179"]
[Annotator "RC"]
[PlyCount "59"]
[EventDate "2023.10.31"]
[EventType "swiss"]
[EventCountry "BRA"]
[SourceTitle "playchess.com"]
[Source "ChessBase"]
[SourceQuality "1"]
[TimeControl "5400+30"]

1. e4 e5 2. Nf3 Nc6 3. Nc3 Nf6 4. Be2 d5 5. exd5 Nxd5 6. O-O Nxc3 7. bxc3 Bd6 8. d4 exd4 9. cxd4 O-O 10. Rb1 h6 11. Re1 Qf6 12. Be3 Rb8 13. d5 Ne5 14. Bxa7 Ra8 15. Bd4 Nxf3+ 16. Bxf3 Qg5 17. Rb2 b6 18. c4 Bd7 19. g3 Ra4 20. h4 Qg6 21. Bh5 Qf5 22. Be2 Re8 23. Bf1 Rea8 24. Bd3 Qh3 25. Qb1 Ra3 26. Re3 Qg4 27. Re4 Qh3 28. Re3 Qg4 29. Re4 Qh3 30. Re3 1/2-1/2

[Event "Pan-American U20-ch 2023"]
[Site "Volta Redonda"]
[Date "2023.11.08"]
[Round "4.1"]
[White "Soriano Quispe, Ivan Excender"]
[Black "Castro Salgado, Pablo"]
[Result "1-0"]
[ECO "A21"]
[WhiteElo "2214"]
[BlackElo "2202"]
[Annotator "RC"]
[PlyCount "133"]
[EventDate "2023.10.31"]
[EventType "swiss"]
[EventCountry "BRA"]
[SourceTitle "playchess.com"]
[Source "ChessBase"]
[SourceQuality "1"]
[TimeControl "5400+30"]

1. c4 e5 2. Nc3 Bb4 3. g3 Bxc3 4. bxc3 d6 5. Bg2 Nc6 6. Rb1 Nge7 7. d3 O-O 8. Nf3 Rb8 9. O-O f5 10. d4 e4 11. Nd2 Na5 12. e3 Be6 13. Qe2 Qd7 14. Ba3 b6 15. f3 exf3 16. Bxf3 c5 17. e4 Rbe8 18. Bb2 Qa4 19. d5 Bf7 20. Qd1 Qd7 21. Rf2 Bg6 22. Ra1 fxe4 23. Nxe4 Nxc4 24. Bc1 Ne5 25. Bg2 Rxf2 26. Nxf2 Nf5 27. Bf4 Nc4 28. Bh3 Qe7 29. Qf3 h6 30. Bf1 Ne5 31. Qd1 Qf7 32. Bb5 Re7 33. Be2 Kh7 34. Rc1 Qe8 35. Ra1 Nf7 36. Bd3 Ne5 37. Be2 Qf7 38. Qd2 b5 39. Rf1 Qe8 40. Qc1 a6 41. a3 Qa8 42. Qd1 Qd8 43. h4 Kh8 44. Qc1 Bh7 45. h5 Nc4 46. Bf3 Ne5 47. Be2 Nc4 48. Bf3 Nfe3 49. Re1 Nc2 50. Re6 Rxe6 51. dxe6 Qe7 52. Bg4 N2xa3 53. Qd1 a5 54. Qd5 b4 55. cxb4 axb4 56. Qc6 Qf6 57. Qe8+ Bg8 58. e7 b3 59. Qxg8+ Kxg8 60. e8=Q+ Kh7 61. Ne4 Qa1+ 62. Kh2 Qb2+ 63. Kh3 Ne3 64. Bxe3 Qe5 65. Qg6+ Kg8 66. Be6+ Kh8 67. Qe8+ 1-0

[Event "Pan-American U20-ch 2023"]
[Site "Volta Redonda"]
[Date "2023.11.08"]
[Round "4.2"]
[White "Varillas Jimenez, Ivan"]
[Black "Oro, Faustino"]
[Result "0-1"]
[ECO "B40"]
[WhiteElo "1985"]
[BlackElo "2356"]
[Annotator "RC"]
[PlyCount "70"]
[EventDate "2023.10.31"]
[EventType "swiss"]
[EventCountry "BRA"]
[SourceTitle "playchess.com"]
[Source "ChessBase"]
[SourceQuality "1"]
[TimeControl "5400+30"]

1. e4 c5 2. Nf3 e6 3. d4 cxd4 4. Nxd4 Bc5 5. Nb3 Bb6 6. Nc3 Ne7 7. Qf3 O-O 8. Be3 f5 9. O-O-O Nbc6 10. Qe2 fxe4 11. Nxe4 d5 12. Nc3 e5 13. Bxb6 axb6 14. a3 Be6 15. g3 d4 16. Ne4 Qc8 17. Kb1 Bd5 18. Bg2 Qf5 19. Rhf1 Rad8 20. Nc1 Na5 21. Nd3 Nec6 22. b3 Rfe8 23. Rfe1 Qf8 24. Kb2 Ra8 25. Ra1 Kh8 26. Bh1 Bg8 27. Nd2 b5 28. Qh5 Bf7 29. Qg5 Qd6 30. f4 Qc7 31. Ne4 Rac8 32. Rac1 Nc4+ 33. bxc4 bxc4 34. Nb4 Nxb4 35. axb4 c3+ 0-1